 Dungeon Crawl Stone Soup version 0.19.1 (webtiles) character file.

266 M4edhros the Grave Robber (level 6, -8/36 HPs)
             Began as an Octopode Necromancer on Dec 13, 2016.
             Killed by miscasting Regeneration (34 damage)
             ... on level 5 of the Dungeon.
             The game lasted 00:03:54 (725 turns).

M4edhros the Grave Robber (Octopode Necromancer)     Turns: 725, Time: 00:03:55

Health: -8/36      AC:  1    Str:  7    XL:     6   Next: 20%
Magic:  0/9        EV: 18    Int: 17    God:
Gold:   70         SH:  6    Dex: 15    Spells: 4 memorised, 3 levels left

rFire  . . .     SeeInvis +     h - +1 whip (venom)
rCold  . . .     Gourm    .     c - +2 buckler
rNeg   . . .     Faith    .     (helmet restricted)
rPois  +         Spirit   .     t - amulet "Catz" {+Rage rPois SInv}
rElec  .         Reflect  .     j - ring of stealth
rCorr  .         Harm     .     q - +4 ring of evasion
MR     .....                    (no ring)
Stlth  ++++......               (no ring)
                                (no ring)
                                (no ring)
                                (no ring)
                                (no ring)

@: very slightly contaminated
A: almost no armour, stealthy swim, amphibious, 8 rings, constrict 8, camouflage
1, gelatinous body 1
a: Evoke Berserk Rage


You were on level 5 of the Dungeon.
You were not hungry.

You visited 1 branch of the dungeon, and saw 5 of its levels.

You collected 70 gold pieces.

Inventory:

Hand Weapons
 f - a +3 dagger
 h - a +1 whip of venom (weapon)
Missiles
 e - 3 tomahawks of returning (quivered)
Armour
 c - a +2 buckler (worn)
Jewellery
 j - a ring of stealth (left tentacle)
 q - a +4 ring of evasion (right tentacle)
 t - the amulet "Catz" (around mantle) {+Rage rPois SInv}
   (You found it on level 4 of the Dungeon)

   [amulet of rage]

   It protects you from poison.
   It lets you see invisible.
   It lets you go berserk.
Scrolls
 i - a scroll of identify {unknown}
 k - 2 scrolls of remove curse {unknown}
 m - a scroll of magic mapping {unknown}
 s - a scroll of teleportation {unknown}
Potions
 d - a potion of lignification {unknown}
 g - 2 potions of heal wounds {unknown}
 l - a potion of mutation {unknown}
 p - a potion of agility {unknown}
 r - 2 potions of curing {unknown}
 v - 2 potions of degeneration {unknown}
Books
 a - a book of Necromancy

   Spells                             Type                      Level
   a - Pain                           Necromancy                   1
   b - Animate Skeleton               Necromancy                   1
   c - Vampiric Draining              Necromancy                   3
   d - Regeneration                   Charms/Necromancy            3
   e - Animate Dead                   Necromancy                   4
   f - Control Undead                 Necromancy                   4
 o - a book of Misfortune

   Spells                             Type                      Level
   a - Confusing Touch                Hexes                        1
   b - Confuse                        Hexes                        3
   c - Gell's Gravitas                Hexes/Translocation          3
   d - Petrify                        Transmutation/Earth          4
   e - Metabolic Englaciation         Hexes/Ice                    5
   f - Yara's Violent Unravelling     Hexes/Transmutation          5
Comestibles
 b - 2 bread rations
 n - a beef jerky
 u - a chunk of flesh


   Skills:
 + Level 3.3 Dodging
 - Level 2.6 Stealth
 + Level 2.3 Shields
 * Level 3.4 Unarmed Combat
 - Level 2.0 Spellcasting
 + Level 2.4 Hexes
 - Level 4.0 Necromancy


You had 3 spell levels left.
You knew the following spells:

 Your Spells              Type           Power        Failure   Level  Hunger
a - Pain                  Necr           ###.         4%          1    #......
b - Confusing Touch       Hex            ##....       12%         1    #......
c - Animate Skeleton      Necr           N/A          4%          1    #......
d - Regeneration          Chrm/Necr      #.........   30%         3    ###....


Dungeon Overview and Level Annotations

Branches:
Dungeon (5/15)
 Temple: D:4-7

Altars:
Dithmenos
Elyvilon


Innate Abilities, Weirdness & Mutations

You cannot wear most types of armour.
You are very stealthy in the water. (Stealth+)
You are amphibious.
You can wear up to eight rings at the same time.
You can use your tentacles to constrict eight enemies at once.
Your skin changes colour to match your surroundings (Stealth+).
Your rubbery body absorbs attacks. (AC +1, EV +1)


Message History

You feel less exhausted.
Casting: Confusing Touch
Confirm with . or Enter, or press ? or * to list all spells.
You miscast Regeneration.
You are very lightly contaminated with residual magic.
Waves of light ripple over your body.
Casting: Regeneration
Confirm with . or Enter, or press ? or * to list all spells.
You miscast Regeneration.
As you open the large door, it creaks loudly!
An orc comes into view. It is wielding a hand axe.
The orc shouts!
You hear a shout! x2
Found a scroll labeled YMAKIR XAHU.
A centaur skeleton comes into view.
Casting: Regeneration
Confirm with . or Enter, or press ? or * to list all spells.
You miscast Regeneration.
You convulse helplessly as pain tears through your body!
Ouch! That really hurt!
You die...

.###.. . ..... ..
##.... ..o ##....
?.##.... ....Z
###''### #...@..#
#.♣Z.♣.####..#
+..≈≈..+...#..
+..≈≈..+..... .
#.♣..♣.#...# ..
#(.....#...# ...
...###''###...#....
.......)..>........
.....#..(..........


You could see an orc, a centaur skeleton and a friendly ogre skeleton.

Vanquished Creatures
  An ogre (D:5)
  2 hounds (D:4)
  A bullfrog skeleton (D:4)
  A gnoll (D:4)
  A dart slug (D:3)
  2 bats (D:3)
  A giant cockroach (D:1)
  2 goblins
  A kobold (D:3)
  A quokka (D:3)
  2 frilled lizards
  2 rats
17 creatures vanquished.

Vanquished Creatures (collateral kills)
  A centaur (D:5)
  A hound (D:4)
  A ball python (D:5)
3 creatures vanquished.

Grand Total: 20 creatures vanquished

Notes
Turn   | Place    | Note
-------+----------+-------------------------------------------
     0 | D:1      | M4edhros the Octopode Necromancer began the quest for the Orb.
     0 | D:1      | Reached XP level 1. HP: 11/11 MP: 3/3
   230 | D:3      | Reached skill level 1 in Unarmed Combat
   230 | D:3      | Reached XP level 2. HP: 7/17 MP: 5/5
   280 | D:3      | Learned a level 1 spell: Confusing Touch
   378 | D:4      | Found a white marble altar of Elyvilon.
   429 | D:4      | Got a steaming silver amulet
   430 | D:4      | Identified the amulet "Catz" {+Rage rPois SInv} (You found it on level 4 of the Dungeon)
   458 | D:4      | Reached skill level 1 in Shields
   458 | D:4      | Reached XP level 3. HP: 21/21 MP: 6/6
   460 | D:4      | Reached skill level 1 in Hexes
   462 | D:4      | Reached XP level 4. HP: 27/27 MP: 7/7
   476 | D:4      | Learned a level 1 spell: Animate Skeleton
   480 | D:4      | Learned a level 3 spell: Regeneration
   548 | D:4      | Reached XP level 5. HP: 19/31 MP: 8/8
   619 | D:4      | Found a shadowy altar of Dithmenos.
   662 | D:5      | Entered Level 5 of the Dungeon
   667 | D:5      | Noticed a centaur
   667 | D:5      | Noticed an ogre
   675 | D:5      | Killed an ogre
   675 | D:5      | Reached XP level 6. HP: 36/36 MP: 9/9
   725 | D:5      | Killed by miscasting Regeneration

Skill      XL: |  1  2  3  4  5 |
---------------+----------------+-----
Unarmed Combat | 1 2 3 |  3.4
Shields        | 1 2 |  2.3
Hexes          | 1 2 |  2.4
Dodging        | 3 |  3.3
Stealth        | |  2.6
Spellcasting   | |  2.0
Necromancy     | |  4.0

Action                   |  1- 3 |  4- 6 || total
-------------------------+-------+-------++-------
Melee: Unarmed           |     6 |       ||     6
       Whip              |    21 |    15 ||    36
       Constrict         |     8 |     3 ||    11
       Tentacles         |     6 |     2 ||     8
 Cast: Pain              |     6 |       ||     6
       Animate Skeleton  |       |     3 ||     3
       Regeneration      |       |     2 ||     2
       Confusing Touch   |       |     3 ||     3
 Abil: Evoke Berserk Rag |     1 |     1 ||     2
 Stab: Sleeping          |     1 |     1 ||     2
       Distracted        |     1 |       ||     1
  Eat: Chunk             |       |     2 ||     2
Armor: Skin              |     3 |       ||     3
Dodge: Dodged            |    12 |    10 ||    22
Block: Buckler           |     8 |     4 ||    12
